 Dungeon Sprint DCSS version 0.29-a0-1030-gf5f8719cae (webtiles) character file.

Game seed: 14734726086833851323

320 Conn the Arsonist (level 6, 0/36 HPs)
             Began as an Octopode Fire Elementalist on Aug 14, 2022.
             Was an Initiate of Sif Muna.
             Slain by a polar bear (4 damage)
             ... in the Dungeon (Sprint II: "The Violet Keep of Menkaure").
             The game lasted 00:04:25 (317 turns).

Conn the Arsonist (Octopode Fire Elementalist)       Turns: 317, Time: 00:04:27

Health: 0/36       AC:  1    Str:  7    XL:     6   Next: 46%
Magic:  1/15       EV: 14    Int: 20    God:    Sif Muna [......]
Gold:   116        SH:  0    Dex: 12    Spells: 5/18 levels left

rFire   . . .      SeeInvis .   (no weapon)
rCold   . . .      Faith    .   (no shield)
rNeg    . . .      Spirit   .   (helmet restricted)
rPois   .          Reflect  .   j - amulet of regeneration
rElec   .          Harm     .   (no ring)
rCorr   .          Rampage  .   (no ring)
Will    .....      NoTele   +   (no ring)
Stlth   ++++......              (no ring)
HPRegen 0.92/turn               (no ring)
MPRegen 0.14/turn               (no ring)
                                (no ring)
                                (no ring)

@: no status effects
A: almost no armour, amphibious, 8 rings, camouflage 1, gelatinous body 1,
(nimble swimmer 1), tentacles
a: Renounce Religion


You were in the Dungeon.
You worshipped Sif Muna.
Sif Muna was noncommittal.
You visited 1 branch You collected 116 gold pieces.

Inventory:

Armour
 k - an orb of mayhem
Jewellery
 e - an amulet of faith
 j - an amulet of regeneration (around mantle)
Scrolls
 c - 9 scrolls of butterflies
 f - a scroll of blinking
 h - a scroll of acquirement {unknown}
Potions
 a - 3 potions of curing
 b - 2 potions of heal wounds
 d - 3 potions of magic
 g - a potion of brilliance {unknown}
 i - a potion of mutation {unknown}


   Skills:
 + Level 4.4 Dodging
 + Level 5.3 Stealth
 * Level 6.7 Spellcasting
 * Level 5.3 Conjurations
 + Level 8.8 Fire Magic


You had 5 spell levels left.
You knew the following spells:

 Your Spells              Type           Power      Damage    Failure   Level
a - Foxfire               Conj/Fire      100%       2x1d9     1%          1
b - Conjure Flame         Conj/Fire      35%        6-21      1%          3
c - Inner Flame           Hex/Fire       24%        N/A       4%          3
d - Flame Wave            Conj/Fire      35%        2d10      5%          4
e - Scorch                Fire           84%        2d9       1%          2

Your spell library contained the following spells:

 Spells                   Type           Power      Damage    Failure   Level
 Slow                     Hex            24%        N/A       10%         1
 Confusing Touch          Hex            6%         N/A       28%         3
 Vampiric Draining        Necr           6%         2d6       28%         3


Dungeon Overview and Level Annotations

Branches:
Dungeon (1/1)

Altars:
Cheibriados
Dithmenos
Elyvilon
Fedhas
Gozag
Hepliaklqana
Kikubaaqudgha
Makhleb
Nemelex Xobeh
Okawaru
Qazlal
Ru
Sif Muna
Trog
Uskayaw
Vehumet
Wu Jian
Xom
Yredelemnul
Zin
The Shining One
Jiyva
Lugonu


Innate Abilities, Weirdness & Mutations

You cannot wear most types of armour.
You are amphibious.
You can wear up to eight rings at the same time.
Your skin changes colour to match your surroundings (Stealth+).
Your rubbery body absorbs attacks. (AC +1, EV +1)
((You are camouflaged when in or above water. (Stealth+)))
You have tentacles for arms and can constrict up to eight enemies at once.


Message History

The foxfire hits the polar bear.
The polar bear is lightly wounded.
The foxfire hits the polar bear but does no damage.
The polar bear is lightly wounded.
The polar bear is engulfed in a cloud of scalding steam.
Casting: Scorch (safe; 1% risk of failure)
Confirm with . or Enter, or press ? or * to list all spells.
Flames lash the polar bear.
Flame seeps out of the polar bear.
The polar bear is moderately wounded.
The polar bear's fire resistance burns away.
The polar bear is engulfed in blazing flames. x2
Flame seeps out of the polar bear.
Unknown command.
Unknown command.
Casting: Scorch (safe; 1% risk of failure)
Confirm with . or Enter, or press ? or * to list all spells.
The spell is quite dangerous to miscast (5% risk of failure)!
Continue anyway?
Casting: Flame Wave (quite dangerous; 5% risk of failure)
Press: ? - help, Dir - look around, f - activate A wave of flame ripples out!
The flame wave engulfs the polar bear.
The polar bear is heavily wounded.
The flame wave engulfs the polar bear!
The polar bear is burned terribly!
Flame seeps out of the polar bear.
The polar bear is heavily wounded. (Press . to intensify the flame waves.)
The polar bear bites you. The polar bear claws you. The polar bear misses you.
The polar bear is engulfed in blazing flames.
Flame seeps out of the polar bear.
The polar bear bites you! The polar bear claws you.
The polar bear completely misses you.
Unknown command.
Unknown command.
Unknown command.
Unknown command.
The polar bear attacks as you move away!
The polar bear misses you. The polar bear claws you.
* * * LOW HITPOINT WARNING * * *
The polar bear claws you.
* * * LOW HITPOINT WARNING * * *
The polar bear barely misses you. x2; The polar bear claws you.
You die...

###..## #..# .#▓..).)[.)▓▓
#+###.##..# +..# .#▓).(w((..▓▓
#.##...#..# #..# .#▓b...\...▓▓
.<.†.##'..####..##h#▓()...\.[▓▓
#.##...#....###§.y##▓▓▓▓▓▓▓\▓▓▓▓+
#+###.##......~§°c~~~~~~~~~.──Xw≈
###~~....§~#h########+###w≈w≈
#~~~~~~~..~#.h_._._.#S§~##≈≈≈
#~~~~~~§~.~#@_._._..#S§§≈####
#~~~≈≈≈~~~~~#_._._._.#~~§§§#
~~~~~§≈§§§~~#._._._._#~§§≈S≈
++#~§≈≈≈§§≈§#.._._._.#~~~§§≈
##§≈≈###§§#..._._._#~~~§≈S
#§§#...._._.#~~≈ #≈§#....._._#§≈§
≈≈≈≈##########~≈§
#####~~~~~~~~~≈≈S


You could see 3 polar bears, a yaktaur and a hornet.

Vanquished Creatures
  A water moccasin (D)
  4 necrophages (D)
5 creatures vanquished.

Vanquished Creatures (others)
  4 foxfires (D)
  4 tentacles (D)
8 creatures vanquished.

Grand Total: 13 creatures vanquished

Notes
Turn   | Place    | Note
-------+----------+-------------------------------------------
     0 | D        | Conn the Octopode Fire Elementalist began the quest for the
                  | Orb.
     0 | D        | Reached XP level 1. HP: 11/11 MP: 3/3
     1 | D        | Noticed a necrophage
     1 | D        | Noticed a necrophage
     1 | D        | Noticed a necrophage
     1 | D        | Noticed a necrophage
     9 | D        | Killed a necrophage
    10 | D        | Reached skill level 5 in Fire Magic
    10 | D        | Reached XP level 2. HP: 17/17 MP: 4/7
    10 | D        | Reached XP level 3. HP: 21/21 MP: 4/8
    10 | D        | Reached XP level 4. HP: 27/27 MP: 5/10
    15 | D        | Killed a necrophage
    16 | D        | Reached skill level 5 in Spellcasting
    16 | D        | Reached skill level 6 in Fire Magic
    16 | D        | Reached XP level 5. HP: 31/31 MP: 5/12
    20 | D        | Reached skill level 7 in Fire Magic
    27 | D        | Reached skill level 5 in Stealth
    27 | D        | Reached skill level 8 in Fire Magic
    27 | D        | Reached XP level 6. HP: 15/36 MP: 6/15
    46 | D        | Found a hazy altar of Hepliaklqana.
    46 | D        | Found a snail-covered altar of Cheibriados.
    47 | D        | Found a stormy altar of Qazlal.
    47 | D        | Found a viscous altar of Jiyva.
    47 | D        | Found a shadowy altar of Dithmenos.
    48 | D        | Found a sacrificial altar of Ru.
    48 | D        | Found an ancient bone altar of Kikubaaqudgha.
    48 | D        | Found a white marble altar of Elyvilon.
    49 | D        | Found an ornate altar of the Wu Jian Council.
    49 | D        | Found a shimmering blue altar of Sif Muna.
    49 | D        | Found a corrupted altar of Lugonu.
    50 | D        | Found a shimmering altar of Xom.
    50 | D        | Found a bloodstained altar of Trog.
    50 | D        | Found a burning altar of Makhleb.
    51 | D        | Found a glowing golden altar of the Shining One.
    51 | D        | Found a basalt altar of Yredelemnul.
    51 | D        | Found a hide-covered altar of Uskayaw.
    53 | D        | Found a glowing silver altar of Zin.
    53 | D        | Found a radiant altar of Vehumet.
    53 | D        | Found a blossoming altar of Fedhas.
    53 | D        | Found a sparkling altar of Nemelex Xobeh.
    54 | D        | Found an opulent altar of Gozag.
    54 | D        | Found an iron altar of Okawaru.
    56 | D        | Noticed a water moccasin
    56 | D        | Noticed a water moccasin
    58 | D        | Became a worshipper of Sif Muna the Loreminder
    72 | D        | Noticed a water moccasin
    72 | D        | Noticed a kraken
   189 | D        | Learned a level 2 spell: Scorch
   193 | D        | Learned a level 3 spell: Conjure Flame
   197 | D        | Learned a level 3 spell: Inner Flame
   202 | D        | Learned a level 4 spell: Flame Wave
   207 | D        | Noticed a water moccasin
   211 | D        | Killed a water moccasin
   212 | D        | Reached skill level 5 in Conjurations
   308 | D        | Noticed a yaktaur
   308 | D        | Noticed a hornet
   308 | D        | Noticed a polar bear
   311 | D        | Noticed a polar bear
   311 | D        | Noticed a polar bear
   317 | D        | Slain by a polar bear

Illustrated notes

Levels and vault maps discovered:
D:        the_violet_keep_of_menkaure [sprint2_stairs_cluster_1,
          sprint2_shoproom, sprint2_temple, sprint2_basic_supplies,
          sprint2_obstacle_4, sprint2_obstacle_1, sprint2_obstacle_3,
          sprint2_obstacle_2, sprint2_obstacle_7, sprint2_timed_cluster_1,
          sprint2_smallroom_cluster_1, sprint2_smallroom_final_cluster_1,
          sprint2_transparent_cluster_1, sprint2_second_timed_cluster_1,
          sprint2_sniper_area_1, sprint2_heavy_combat_area_1,
          sprint2_mutation_trap_area_1, sprint2_forest_area_1,
          sprint2_light_combat_area_1, sprint2_behind_water_1,
          sprint2_near_end_vault_1]

Skill      XL: |  1  2  3  4  5  6 |
---------------+-------------------+-----
Stealth        | 3 4 5 |  5.3
Spellcasting   | 4 5 6 |  6.7
Conjurations   | 3 4 5 |  5.3
Fire Magic     | 5 6 8 |  8.8
Dodging        | 3 4 |  4.4

Action                   |  1- 3 |  4- 6 || total
-------------------------+-------+-------++-------
Melee: Unarmed           |     6 |    15 ||    21
       Constrict         |     1 |     3 ||     4
       Tentacles         |     1 |     5 ||     6
 Cast: Scorch            |       |     4 ||     4
       Foxfire           |       |     2 ||     2
       Flame Wave        |       |     2 ||     2
       Conjure Flame     |       |     1 ||     1
       Inner Flame       |       |     1 ||     1
  Use: Potion            |     2 |       ||     2
       Scroll            |       |     1 ||     1
Dodge: Dodged            |     4 |    10 ||    14

Table legend: (Time is in decaauts)
 A = Elapsed time spent in this place.
 B = Non-inter-level travel time spent in this place.
 C = Inter-level travel time spent in this place.
 D = Time resting spent in this place.
 E = Time spent auto-exploring this place.
 F = Levels seen in this place.
 G = Mean time per level.
                   A        B        C        D        E       F      G
               +--------+--------+--------+--------+--------+-----+--------+
         Total |    309 |    309 |      0 |     63 |      0 |   1 |  309.0 |
       Dungeon |    309 |    309 |      0 |     63 |      0 |   1 |  309.0 |
               +--------+--------+--------+--------+--------+-----+--------+

Top non-repeatable levels by time:
       D: 309 daAuts
